 Dungeon Crawl Stone Soup version 0.31-a0-236-g9a0961fb85 (webtiles) character file.

Game seed: 1294000029646838038

40 qw the Shooter (level 3, 0/29 HPs)
             Began as a Minotaur Hexslinger on July 9, 2023.
             Succumbed to an adder's poison
             ... on level 2 of the Dungeon.
             The game lasted 00:00:26 (785 turns).

qw the Shooter (Minotaur Hexslinger)                 Turns: 785, Time: 00:00:26

Health: 0/29       AC:  2    Str: 12    XL:     3   Next: 30%
Magic:  3/3        EV: 12    Int: 10    God:
Gold:   76         SH:  0    Dex: 14    Spells: 3/4 levels left

rFire   . . .        Y - +1 sling
rCold   . . .        (no shield)
rNeg    . . .        c - +0 robe
rPois   .            (helmet restricted)
rElec   .            (no cloak)
rCorr   .            (no gloves)
SInv    .            (no boots)
Will    .....        (no amulet)
Stlth   +            (no ring)
HPRegen 0.24/turn    (no ring)
MPRegen 0.08/turn

%: no passive effects
@: lethally poisoned (0 -> -10)
A: horns 2, retaliatory headbutt
a: no special abilities


You were on level 2 of the Dungeon.
You visited 1 branch of the dungeon, and saw 2 of its levels.

You collected 76 gold pieces.


Innate Abilities, Weirdness & Mutations

You have a pair of horns on your head.
You reflexively headbutt those who attack you in melee.


   Skills:
 - Level 2.0 Fighting
 + Level 3.9 Ranged Weapons
 - Level 2.1 Dodging
 - Level 1.0 Spellcasting
 - Level 2.0 Hexes


You had 3 spell levels left.
You knew the following spells:

 Your Spells              Type           Power      Damage    Failure   Level
a - Slow                  Hex            16%        N/A       16%         1

Your spell library contained the following spells:

 Spells                   Type           Power      Damage    Failure   Level
 Inner Flame              Hex/Fire       2%         N/A       56%         3
 Portal Projectile        Hex/Tloc       4%         N/A       56%         3
 Cause Fear               Hex            2%         N/A       83%         4

Inventory:

Hand Weapons
 Y - a +1 sling (weapon)
Armour
 c - a +0 robe (worn)
Scrolls
 e - 3 scrolls of identify
Potions
 a - 2 potions of curing {unknown}
 b - a potion of lignification {unknown}
 d - a potion of haste {unknown}

Dungeon Overview and Level Annotations

Branches:
Dungeon (2/15)

Altars:

Shops:
D:1 [


Message History

You shoot a sling bullet.
The sling bullet closely misses the adder.
A dart slug comes into view.
The adder closely misses you.
You shoot a sling bullet.
The sling bullet barely misses the adder.
The adder bites you.
You shoot a sling bullet. The sling bullet hits the endoplasm.
The endoplasm is heavily wounded.
The adder bites you. The endoplasm misses you. The adder bites you.
You shoot a sling bullet. The sling bullet hits the endoplasm.
You kill the endoplasm!
The adder bites you.
You are poisoned.
The adder poisons you!
You shoot a sling bullet. The sling bullet misses the adder.
You feel sick. The adder bites you. The adder barely misses you.
You shoot a sling bullet.
The sling bullet closely misses the adder.
You feel sick. The adder closely misses you. x2
You shoot a sling bullet.
The sling bullet closely misses the adder.
You feel sick. The adder bites you.
You shoot a sling bullet.
The sling bullet barely misses the adder.
You feel sick.
You are no longer poisoned.
The adder bites you but does no damage. The adder barely misses you.
You shoot a sling bullet. The sling bullet misses the adder.
The adder bites you.
You are poisoned.
The adder poisons you!
You shoot a sling bullet.
The sling bullet closely misses the adder.
You feel sick. The adder bites you. x2
You are more poisoned.
The adder poisons you!
You shoot a sling bullet. The sling bullet hits the adder.
The adder is heavily wounded.
You die...

### #.. #.# .. #.#
....###.# ##. #.#
.....wS.######....
#.# #@........#
#.# #.#..>....#
#.# #.#.#####.#
#.# #.#.# #.#
#.#.# ###.#######
#.#.# ...........
..#.# ####
###.####### ###.#
#... #.# #####.#
#.##


You could see an adder and a dart slug.

Vanquished Creatures
  An adder (D:2)
  A worm (D:2)
  3 endoplasms
  2 giant cockroaches
  A goblin (D:2)
  A hobgoblin (D:1)
  4 jackals (D:2)
  6 kobolds
  A ball python (D:1)
  3 bats (D:1)
  3 frilled lizards
  A rat (D:2)
27 creatures vanquished.

Notes
Turn   | Place    | Note
-------+----------+-------------------------------------------
     0 | D:1      | qw the Minotaur Hexslinger began the quest for the Orb.
     0 | D:1      | Reached XP level 1. HP: 16/16 MP: 1/1
     0 | D:1      | 0 ||| qw: Version: 0.3-a-51-g015441d
     0 | D:1      | 0 ||| qw: Game counter: 4453
     0 | D:1      | 0 ||| qw: Melee chars always use a shield: true
     0 | D:1      | 0 ||| qw: God list: Okawaru
     0 | D:1      | 0 ||| qw: Allow faded altars: false
     0 | D:1      | 0 ||| qw: Do Orc after clearing Dungeon:15 true
     0 | D:1      | 0 ||| qw: Do second Lair branch before Depths: true
     0 | D:1      | 0 ||| qw: Lair rune preference: random
     0 | D:1      | 0 ||| qw: Goals: Normal
     0 | D:1      | 0 ||| PLANNING D:1-11
    73 | D:1      | Found Ezxoob's Antique Armour Shoppe.
    85 | D:1      | 85 ||| SHOPLISTING embroidered scarf (136 gold, have 15).
    85 | D:1      | 85 ||| SHOPLISTING pair of gloves (76 gold, have 15).
    85 | D:1      | 85 ||| SHOPLISTING ring mail (68 gold, have 15).
    85 | D:1      | 85 ||| SHOPLISTING runed ring mail (119 gold, have 15).
    90 | D:1      | Found a faded altar of an unknown god.
   176 | D:1      | Reached skill level 3 in Ranged Weapons
   176 | D:1      | Reached XP level 2. HP: 23/23 MP: 2/2
   390 | D:1      | 390 ||| DROPPING +6 ring of intelligence.
   391 | D:1      | 391 ||| READING scroll labelled YJIPNU ZEUKURGH.
   392 | D:1      | 392 ||| READING 3 scrolls labelled RUBARO GIMI.
   393 | D:1      | 393 ||| READING scroll labelled WYNGAPLAON.
   398 | D:1      | 398 ||| READING scroll labelled TIADA QOXKUISK.
   399 | D:1      | 399 ||| READING scroll labelled XAFEGU OHUS.
   400 | D:1      | 400 ||| DROPPING scroll of poison.
   710 | D:2      | Reached XP level 3. HP: 29/29 MP: 3/3
   784 | D:2      | HP: 4/29 [adder (4)]
   785 | D:2      | Succumbed to an adder's poison

Levels and vault maps discovered:
D:1:      doesnt_arrival_eight_statues, layout_basic, serial_shops,
          nicolae_shop_gibbet_a_chance, ebering_ecumenical_altar_abandoned,
          minivault_4
D:2:      layout_loops_ring

Skill      XL: |  1  2 |
---------------+-------+-----
Ranged Weapons | 3 |  3.9
Fighting       | 2 |  2.0
Dodging        | |  2.1
Spellcasting   | |  1.0
Hexes          | |  2.0

Action                     || total
---------------------------++-------
   Fire: Sling             ||    99
    Use: Scroll            ||     5
 Armour: Robe              ||    11
  Dodge: Dodged            ||    38

Table legend:
 A = Non-vault XP
 B = Vault XP
 C = Vault XP percentage of total XP
 D = Non-vault monster count
 E = Vault monster count
 F = Vault count percentage of total count
                 A         B        C        D         E       F
            +---------+---------+-------+---------+---------+-------
      Total |      58 |       0 |   0.0 |      27 |       0 |   0.0
            +---------+---------+-------+---------+---------+-------
        D:1 |      19 |       0 |   0.0 |      13 |       0 |   0.0
        D:2 |      39 |       0 |   0.0 |      14 |       0 |   0.0
            +---------+---------+-------+---------+---------+-------
